MWL (24 & UNDER)
MINNESOTA DEATH STARS @ BARRY'S BAY ORIOLES
07/16/2029
 
TOP OF THE 1ST
Minnesota Death Stars batting - Pitching for Barry's Bay Orioles : RHP Artie Hall
Pitching: RHP Artie Hall
Batting: LHB Júlio Córdova 0-0: Foul Ball, location: 2F
0-1: Called Strike
0-2: Ball
1-2: Ball
2-2: Foul Ball, location: 2F
2-2: Strikes out swinging
Batting: RHB Manuel Cintrón 0-0: Ball
1-0: Fly out, F9 (Flyball, 9)
Batting: LHB Chris Henry 0-0: Called Strike
0-1: Fly out, F9 (Flyball, 9D)
Top of the 1st over - 0 runs, 0 hits, 0 errors, 0 left on base; Minnesota 0 - Barry's Bay 0
BOTTOM OF THE 1ST
Barry's Bay Orioles batting - Pitching for Minnesota Death Stars : RHP Carlos Bojórquez
Pitching: RHP Carlos Bojórquez
Batting: LHB Ryan Rheaume 0-0: Called Strike
0-1: Ball
1-1: Ball
2-1: Ball
3-1: Base on Balls
Batting: LHB Lúcio Gómez 0-0: Ball
1-0: Ball
2-0: Ball
3-0: Called Strike
3-1: Ground out U3 (Groundball, 3S)
Ryan Rheaume to second
Batting: RHB Jim Martin 0-0: Ball
1-0: Foul Ball, location: 2F
1-1: Ball
2-1: Ball
3-1: Foul Ball, location: 2F
3-2: Fly out, F9 (Flyball, 9)
Runner from 2nd tags up, SAFE at 3rd with throw
Batting: LHB Greg Sharpe 0-0: Ball
1-0: Called Strike
1-1: Ball
2-1: 2-RUN HOME RUN (Flyball, 9LD), Distance : 327 ft
Batting: RHB Lynn Johnson 0-0: Called Strike
0-1: Called Strike
0-2: Foul Ball, location: 2F
0-2: Ball
1-2: Ground out 5-3 (Groundball, 5L)
Bottom of the 1st over - 2 runs, 1 hit, 0 errors, 0 left on base; Minnesota 0 - Barry's Bay 2
TOP OF THE 2ND
Minnesota Death Stars batting - Pitching for Barry's Bay Orioles : RHP Artie Hall
Batting: LHB Larry Wright 0-0: Swinging Strike
0-1: Swinging Strike
0-2: Foul Ball, location: 2F
0-2: Strikes out looking
Batting: RHB Brad Ravenshaw 0-0: Called Strike
0-1: Called Strike
0-2: Ball
1-2: Strikes out swinging
Batting: LHB Gonzalo Gálvez 0-0: DOUBLE (Flyball, 8RD)
Batting: LHB William Harris 0-0: Called Strike
0-1: Called Strike
0-2: Ball
1-2: Strikes out swinging
Top of the 2nd over - 0 runs, 1 hit, 0 errors, 1 left on base; Minnesota 0 - Barry's Bay 2
BOTTOM OF THE 2ND
Barry's Bay Orioles batting - Pitching for Minnesota Death Stars : RHP Carlos Bojórquez
Batting: RHB River Cunningham 0-0: Swinging Strike
0-1: Ball
1-1: DOUBLE (Line Drive, 7LM)
Batting: LHB Joe Vásquez 0-0: Ball
1-0: Ball
2-0: TRIPLE (Groundball, 3L)
River Cunningham scores
Batting: RHB Jason Cook 0-0: Foul Ball, location: 2F
0-1: DOUBLE (Flyball, 8RD)
Joe Vásquez scores
Batting: RHB Octávio Aldeguer 0-0: Called Strike
0-1: Ball
1-1: Ball
2-1: Swinging Strike
2-2: Hit by Pitch
Batting: LHB Ryan Rheaume 0-0: Foul Ball, location: 2F
0-1: Ball
1-1: Ball
Wild Pitch!
Jason Cook to third
Octávio Aldeguer to second
2-1: SINGLE (Line Drive, 78S)
Jason Cook scores
Octávio Aldeguer to third
Batting: LHB Lúcio Gómez 0-0: Called Strike
0-1: Fly out, F7 (Flyball, 7S)
Runner from 3rd tags up, SCORES, no throw
Batting: RHB Jim Martin 0-0: Ball
1-0: Ball
2-0: Ball
3-0: Called Strike
3-1: Called Strike
3-2: Base on Balls
Ryan Rheaume to second
Batting: LHB Greg Sharpe 0-0: Called Strike
0-1: Called Strike
Ryan Rheaume steals 3rd base
Jim Martin to second
0-2: Strikes out looking
Batting: RHB Lynn Johnson 0-0: Called Strike
0-1: Called Strike
0-2: Ball
1-2: Strikes out swinging
Bottom of the 2nd over - 4 runs, 4 hits, 0 errors, 2 left on base; Minnesota 0 - Barry's Bay 6
TOP OF THE 3RD
Minnesota Death Stars batting - Pitching for Barry's Bay Orioles : RHP Artie Hall
Batting: RHB José Rosales 0-0: Ball
1-0: Swinging Strike
1-1: Swinging Strike
1-2: Ball
2-2: Ball
3-2: Strikes out swinging
Batting: LHB Jamie Walker 0-0: Called Strike
0-1: Called Strike
0-2: Foul Ball, location: 2F
0-2: Strikes out looking
Batting: LHB Júlio Córdova 0-0: Called Strike
0-1: Ball
1-1: Called Strike
1-2: Ball
2-2: Foul Ball, location: 2F
2-2: Strikes out looking
Top of the 3rd over - 0 runs, 0 hits, 0 errors, 0 left on base; Minnesota 0 - Barry's Bay 6
BOTTOM OF THE 3RD
Barry's Bay Orioles batting - Pitching for Minnesota Death Stars : RHP Carlos Bojórquez
Batting: RHB River Cunningham 0-0: Called Strike
0-1: Ball
1-1: Ball
2-1: Foul Ball, location: 2F
2-2: Ball
3-2: Foul Ball, location: 2F
3-2: Ground out 5-3 (Groundball, 56)
Batting: LHB Joe Vásquez 0-0: SINGLE (Flyball, 78M)
Batting: RHB Jason Cook 0-0: Called Strike
0-1: Called Strike
0-2: Ball
1-2: Foul Ball, location: 2F
1-2: Ground out 5-3 (Groundball, 56S)
Joe Vásquez to second
Batting: RHB Octávio Aldeguer 0-0: Ball
1-0: Foul Ball, location: 2F
1-1: Ball
2-1: Foul Ball, location: 2F
2-2: Foul Ball, location: 2F
2-2: Ball
3-2: Base on Balls
Batting: LHB Ryan Rheaume 0-0: Foul Ball, location: 2F
0-1: Called Strike
0-2: Foul Ball, location: 2F
0-2: Ball
Wild Pitch!
Joe Vásquez to third
Octávio Aldeguer to second
1-2: Ball
2-2: Foul Ball, location: 2F
2-2: Ground out 6-3 (Groundball, 6)
Bottom of the 3rd over - 0 runs, 1 hit, 0 errors, 2 left on base; Minnesota 0 - Barry's Bay 6
TOP OF THE 4TH
Minnesota Death Stars batting - Pitching for Barry's Bay Orioles : RHP Artie Hall
Batting: RHB Manuel Cintrón 0-0: Ground out U3 (Groundball, 34S)
Batting: LHB Chris Henry 0-0: Swinging Strike
0-1: Ball
1-1: Fly out, F8 (Flyball, 8RS)
Batting: LHB Larry Wright 0-0: Called Strike
0-1: Foul Ball, location: 2F
0-2: Ball
1-2: Ball
2-2: Fly out, F9 (Flyball, 9S)
Top of the 4th over - 0 runs, 0 hits, 0 errors, 0 left on base; Minnesota 0 - Barry's Bay 6
BOTTOM OF THE 4TH
Barry's Bay Orioles batting - Pitching for Minnesota Death Stars : RHP Carlos Bojórquez
Pitching: RHP Desi Morris
Batting: LHB Lúcio Gómez 0-0: Called Strike
0-1: Swinging Strike
0-2: SINGLE (Groundball, 34D)
Batting: RHB Jim Martin 0-0: Grounds into double play, 6-4-3 (Groundball, 6)
Batting: LHB Greg Sharpe 0-0: SINGLE (Popup, 3D)
Batting: RHB Lynn Johnson 0-0: Called Strike
Greg Sharpe steals 2nd base
0-1: Swinging Strike
0-2: Foul Ball, location: 2F
0-2: Foul Ball, location: 2F
0-2: Strikes out looking
Bottom of the 4th over - 0 runs, 2 hits, 0 errors, 1 left on base; Minnesota 0 - Barry's Bay 6
TOP OF THE 5TH
Minnesota Death Stars batting - Pitching for Barry's Bay Orioles : RHP Artie Hall
Batting: RHB Brad Ravenshaw 0-0: Ball
1-0: Swinging Strike
1-1: Fly out, F8 (Flyball, 8RD)
Batting: LHB Gonzalo Gálvez 0-0: Ball
1-0: Ball
2-0: Ball
3-0: Called Strike
3-1: Base on Balls
Batting: LHB William Harris 0-0: Foul Ball, location: 2F
0-1: Fly out, F7 (Flyball, 78S)
Batting: RHB José Rosales 0-0: Ball
1-0: Ball
2-0: Ball
3-0: Called Strike
3-1: Swinging Strike
3-2: Foul Ball, location: 2F
3-2: Strikes out swinging
Top of the 5th over - 0 runs, 0 hits, 0 errors, 1 left on base; Minnesota 0 - Barry's Bay 6
BOTTOM OF THE 5TH
Barry's Bay Orioles batting - Pitching for Minnesota Death Stars : RHP Desi Morris
Batting: RHB River Cunningham 0-0: Called Strike
0-1: Foul Ball, location: 2F
0-2: Strikes out swinging
Batting: LHB Joe Vásquez 0-0: Ball
1-0: Ball
2-0: Ball
3-0: Called Strike
3-1: Foul Ball, location: 2F
3-2: Ground out 4-3 (Groundball, 4)
Batting: RHB Jason Cook 0-0: Ball
1-0: Ground out 6-3 (Groundball, 6)
Bottom of the 5th over - 0 runs, 0 hits, 0 errors, 0 left on base; Minnesota 0 - Barry's Bay 6
TOP OF THE 6TH
Minnesota Death Stars batting - Pitching for Barry's Bay Orioles : RHP Artie Hall
Batting: LHB Jamie Walker 0-0: Swinging Strike
0-1: Ball
1-1: Ball
2-1: Hit by Pitch
Batting: LHB Júlio Córdova 0-0: Ball
1-0: Foul Ball, location: 2F
1-1: Called Strike
1-2: Ball
2-2: Ground out 3-1 (Groundball, 23)
Jamie Walker to second
Batting: RHB Manuel Cintrón 0-0: Ball
1-0: Fly out, F8 (Flyball, 8RM)
Batting: LHB Chris Henry 0-0: Ball
1-0: Ground out U3 (Groundball, 34)
Top of the 6th over - 0 runs, 0 hits, 0 errors, 1 left on base; Minnesota 0 - Barry's Bay 6
BOTTOM OF THE 6TH
Barry's Bay Orioles batting - Pitching for Minnesota Death Stars : RHP Desi Morris
Batting: RHB Octávio Aldeguer 0-0: Called Strike
0-1: Ball
1-1: Swinging Strike
1-2: Ball
2-2: Strikes out looking
Batting: LHB Ryan Rheaume 0-0: Called Strike
0-1: Ball
1-1: Called Strike
1-2: Ball
2-2: Strikes out swinging
Batting: LHB Lúcio Gómez 0-0: Called Strike
0-1: Ball
1-1: Ground out 3-1 (Groundball, 34)
Bottom of the 6th over - 0 runs, 0 hits, 0 errors, 0 left on base; Minnesota 0 - Barry's Bay 6
TOP OF THE 7TH
Minnesota Death Stars batting - Pitching for Barry's Bay Orioles : RHP Artie Hall
Batting: LHB Larry Wright 0-0: Foul Ball, location: 2F
0-1: Ball
1-1: Ball
2-1: Ground out 3-1 (Groundball, 34)
Batting: RHB Brad Ravenshaw 0-0: Called Strike
0-1: Ball
1-1: SINGLE (Flyball, 9LM)
Batting: LHB Gonzalo Gálvez 0-0: Ball
1-0: Called Strike
1-1: Fly out, F9 (Flyball, 9LM)
Batting: LHB William Harris 0-0: Ball
1-0: Fly out, F3 (Popup, 3F)
Top of the 7th over - 0 runs, 1 hit, 0 errors, 1 left on base; Minnesota 0 - Barry's Bay 6
BOTTOM OF THE 7TH
Barry's Bay Orioles batting - Pitching for Minnesota Death Stars : RHP Desi Morris
Batting: RHB Jim Martin 0-0: Ball
1-0: Foul Ball, location: 2F
1-1: Ball
2-1: Swinging Strike
2-2: Foul Ball, location: 2F
2-2: Foul Ball, location: 2F
2-2: Foul Ball, location: 2F
2-2: Ball
3-2: Foul Ball, location: 2F
3-2: Base on Balls
Batting: LHB Greg Sharpe 0-0: Ball
1-0: Ball
Wild Pitch!
Jim Martin to second
2-0: Ball
3-0: Called Strike
3-1: TRIPLE (Line Drive, 9D)
Jim Martin scores
Batting: RHB Lynn Johnson 0-0: Ground out 4-3 (Groundball, 34D)
Greg Sharpe scores
Batting: RHB River Cunningham 0-0: Called Strike
0-1: Ball
1-1: Foul Ball, location: 2F
1-2: Foul Ball, location: 2F
1-2: Ball
2-2: SINGLE (Line Drive, 4MD)
Pitching: RHP Cipriano Vega
Batting: LHB Joe Vásquez 0-0: Ball
1-0: Called Strike
1-1: Foul Ball, location: 2F
1-2: SINGLE (Line Drive, 9S)
River Cunningham to second
Batting: RHB Jason Cook 0-0: Foul Ball, location: 2F
0-1: Foul Ball, location: 2F
0-2: Strikes out swinging
Batting: RHB Octávio Aldeguer 0-0: Ball
1-0: Ball
2-0: Foul Ball, location: 2F
2-1: Swinging Strike
2-2: Ball
3-2: Base on Balls
River Cunningham to third
Joe Vásquez to second
Batting: LHB Ryan Rheaume 0-0: Ball
1-0: Ball
2-0: Called Strike
2-1: Foul Ball, location: 2F
2-2: Strikes out swinging
Bottom of the 7th over - 2 runs, 3 hits, 0 errors, 3 left on base; Minnesota 0 - Barry's Bay 8
TOP OF THE 8TH
Minnesota Death Stars batting - Pitching for Barry's Bay Orioles : RHP Artie Hall
Now in LF: Terry Christian
Batting: RHB José Rosales 0-0: Ground out 5-3 (Groundball, 5S)
Batting: LHB Jamie Walker 0-0: Called Strike
0-1: Ball
1-1: Foul Ball, location: 2F
1-2: Ball
2-2: Ground out 5-3 (Groundball, 5)
Batting: LHB Júlio Córdova 0-0: Called Strike
0-1: Foul Ball, location: 2F
0-2: Strikes out swinging
Top of the 8th over - 0 runs, 0 hits, 0 errors, 0 left on base; Minnesota 0 - Barry's Bay 8
BOTTOM OF THE 8TH
Barry's Bay Orioles batting - Pitching for Minnesota Death Stars : RHP Cipriano Vega
Batting: LHB Lúcio Gómez 0-0: Foul Ball, location: 2F
0-1: DOUBLE (Line Drive, 9LM)
Batting: RHB Jim Martin 0-0: Ball
1-0: Called Strike
1-1: Ground out 6-3 (Groundball, 6M)
Lúcio Gómez to third
Batting: LHB Greg Sharpe 0-0: Called Strike
0-1: Swinging Strike
0-2: Strikes out swinging
Batting: RHB Lynn Johnson 0-0: Ball
1-0: Called Strike
1-1: Foul Ball, location: 2F
1-2: Fly out, F8 (Flyball, 8LS)
Bottom of the 8th over - 0 runs, 1 hit, 0 errors, 1 left on base; Minnesota 0 - Barry's Bay 8
TOP OF THE 9TH
Minnesota Death Stars batting - Pitching for Barry's Bay Orioles : RHP Artie Hall
Batting: RHB Manuel Cintrón 0-0: Called Strike
0-1: Ground out 5-3 (Groundball, 56)
Batting: LHB Chris Henry 0-0: Ball
1-0: Called Strike
1-1: Ball
2-1: Ball
3-1: Base on Balls
Batting: LHB Larry Wright 0-0: Foul Ball, location: 2F
0-1: Called Strike
0-2: Strikes out swinging
Batting: RHB Brad Ravenshaw 0-0: Ball
1-0: Foul Ball, location: 2F
1-1: SINGLE (Line Drive, 34)
Chris Henry to second
Batting: LHB Gonzalo Gálvez 0-0: Called Strike
0-1: Ground out 4-3 (Groundball, 4)
Top of the 9th over - 0 runs, 1 hit, 0 errors, 2 left on base; Minnesota 0 - Barry's Bay 8
Saturday, December 16th, 2017 - OOTP Baseball 18.8 Build 76